 Dungeon Crawl Stone Soup version 0.28-a0-804-g60983d4ba9 (webtiles) character file.

Game seed: 2183929059462835837

156 croobank the Charlatan (level 5, -5/45 HPs)
             Began as a Naga Artificer on Nov 7, 2021.
             Was an Initiate of Makhleb.
             Slain by an iguana (13 damage)
             ... on level 4 of the Dungeon.
             The game lasted 00:24:22 (5216 turns).

croobank the Charlatan (Naga Artificer)             Turns: 5216, Time: 00:24:22

Health: -5/45      AC:  4    Str: 15    XL:     5   Next: 37%
Magic:  4/5        EV:  9    Int: 12    God:    Makhleb [......]
Gold:   63         SH:  0    Dex: 17    Spells: 1/4 levels left

rFire   . . .      SeeInvis +   n - +0 war axe
rCold   . . .      Faith    .   (no shield)
rNeg    . . .      Spirit   .   b - +0 leather armour
rPois   +          Reflect  .   c - +0 helmet
rElec   .          Harm     .   (no cloak)
rCorr   .          Rampage  .   (no gloves)
Will    .....                   (no barding)
Stlth   ++........              (no amulet)
HPRegen 0.15/turn               m - +6 ring of dexterity
MPRegen 0.09/turn               (no ring)

@: hasted, quick
A: AC +1, large, see invisible, deformed body, poison resistance, slowness 2,
spit poison 1, naga tail 1
a: Spit Poison, Renounce Religion


You were on level 4 of the Dungeon.
You worshipped Makhleb.
Makhleb was noncommittal.
You visited 1 branch of the dungeon, and saw 4 of its levels.

You collected 63 gold pieces.

Inventory:

Hand Weapons
 a - a +0 short sword
 g - a +0 falchion
 h - a +0 dagger of freezing
 n - a +0 war axe (weapon)
 r - a +0 flail
Missiles
 j - 65 stones
Armour
 b - a +0 leather armour (worn)
 c - a +0 helmet (worn)
 q - a scarf of shadows
Jewellery
 m - a +6 ring of dexterity (left hand)
Wands
 d - a wand of charming (13)
Scrolls
 i - 2 scrolls of teleportation
 t - 2 scrolls of blinking
Potions
 f - a potion of haste
 k - a potion of degeneration {unknown}
 l - a potion of brilliance {unknown}
 o - a potion of flight {unknown}
 p - a potion of curing {unknown}
 s - a potion of heal wounds {unknown}
 u - a potion of attraction {unknown}
Miscellaneous
 e - a piece from Xom's chessboard (15/15)


   Skills:
 + Level 2.1 Fighting
 + Level 0.8 Short Blades
 + Level 1.0 Axes
 + Level 2.3 Armour
 + Level 1.4 Dodging
 + Level 2.6 Stealth
 + Level 0.3 Spellcasting
 + Level 1.1 Earth Magic
 + Level 3.7 Evocations


You had one spell level left.
You knew the following spells:

 Your Spells              Type           Power      Damage    Failure   Level
a - Sandblast             Erth           4%         2d4       26%         1
b - Passwall              Tmut/Erth      0%         N/A       43%         2

Your spell library contained the following spells:

 Spells                   Type           Power      Damage    Failure   Level
 Stone Arrow              Conj/Erth      2%         3d7       67%         3
 Gell's Gravitas          Tloc           0%         N/A       77%         3
 Teleport Other           Tloc           0%         N/A       77%         3
 Dispersal                Tloc           0%         N/A       100%        6


Dungeon Overview and Level Annotations

Branches:
Dungeon (4/15)
 Temple: D:4-7

Altars:
Makhleb
Wu Jian
Yredelemnul

Shops:
D:2 (


Innate Abilities, Weirdness & Mutations

Your serpentine skin is tough. (AC +1)
You have supernaturally acute eyesight. (SInv)
Armour fits poorly on your strangely shaped body.
Your system is resistant to poisons. (rPois)
You cover ground very slowly.
You can spit poison.
You have a snake-like lower body.


Message History

The dart slug launches a dart at you. The slug dart hits you.
You slash the dart slug!
You kill the dart slug!
Makhleb accepts your kill.
Magic restored.
Found a stone staircase leading up.
Found a whip.
Found a stone staircase leading down.
An iguana comes into view.
The iguana hisses angrily.
You hear a shout!
The iguana closely misses you.
Aiming: Sandblast (safe; 26% risk of failure)
Press: ? - help, Q - select action, (/) - cycle Shift-Dir - straight line, f - iguana
Aim: an iguana (81% to hit)
The blast of sand hits the iguana but does no damage.
The iguana barely misses you.
You slash the iguana!
The iguana is heavily wounded.
The iguana bites you!
You hit the iguana but do no damage.
The iguana is heavily wounded.
The iguana bites you. The iguana closely misses you.
You closely miss the iguana.
The iguana is heavily wounded.
The iguana barely misses you.
Aiming: Sandblast (safe; 26% risk of failure)
Press: ? - help, Q - select action, (/) - cycle Shift-Dir - straight line, f/p - iguana
Aim: an iguana (heavily wounded, 81% to hit)
The blast of sand hits the iguana but does no damage.
The iguana is heavily wounded.
The iguana closely misses you.
You hit the iguana but do no damage.
The iguana is heavily wounded.
The iguana bites you! x2
* * * LOW HITPOINT WARNING * * *
The iguana bites you.
* * * LOW HITPOINT WARNING * * *
You feel yourself speed up. The iguana bites you!
You die...

#.......####...+.....
#..............#.....
+..............##....
#..>...........++.... ...
#....##........##....
....##....##.##.......#...
...........#.##.......#...
.....#................+...
.... #...@.#+##..)....#...
... #....lg..#.......#...
#........###+########
#.............
#.............
...............
..##...##'####.. ..+.....
.. . #.... ...


You could see an iguana and a hobgoblin.

Vanquished Creatures
  A hound (D:4)
  3 adders
  3 worms (D:2)
  3 dart slugs
  An orc (D:3)
  6 ball pythons
  9 bats
  An endoplasm (D:1)
  11 goblins
  8 hobgoblins
  11 jackals
  7 quokkas
  2 frilled lizards
  5 kobolds
  5 rats
76 creatures vanquished.

Vanquished Creatures (collateral kills)
  A goblin (D:3)
1 creature vanquished.

Vanquished Creatures (others)
  Robin (D:3)
  A goblin (D:3)
2 creatures vanquished.

Grand Total: 79 creatures vanquished

Notes
Turn   | Place    | Note
-------+----------+-------------------------------------------
     0 | D:1      | croobank the Naga Artificer began the quest for the Orb.
     0 | D:1      | Reached XP level 1. HP: 18/18 MP: 1/1
   452 | D:1      | Reached XP level 2. HP: 3/25 MP: 2/2
  1276 | D:1      | Reached XP level 3. HP: 11/31 MP: 3/3
  1508 | D:1      | Found a faded altar of an unknown god.
  1639 | D:1      | Learned a level 1 spell: Sandblast
  1911 | D:1      | Reached skill level 1 in Dodging
  2662 | D:2      | Found Ahideol's Antique Weapon Boutique.
  3179 | D:2      | Reached XP level 4. HP: 12/39 MP: 4/4
  4437 | D:3      | Reached skill level 1 in Earth Magic
  4437 | D:3      | Noticed Robin
  4455 | D:3      | Your ally Robin died
  4824 | D:3      | Reached XP level 5. HP: 45/45 MP: 5/5
  4976 | D:4      | Found a basalt altar of Yredelemnul.
  4978 | D:4      | Found a burning altar of Makhleb.
  4980 | D:4      | Found an ornate altar of the Wu Jian Council.
  4988 | D:4      | Reached skill level 1 in Axes
  5107 | D:4      | Learned a level 2 spell: Passwall
  5117 | D:4      | Became a worshipper of Makhleb the Destroyer
  5216 | D:4      | Slain by an iguana

Illustrated notes

Levels and vault maps discovered:
D:1:      lightli_arrival_quake, layout_basic, hellmonk_ecumenical_altar_run_dry
D:2:      layout_loops_cross, serial_shops, shop_statue
D:3:      layout_basic, skrybe_limestone_x, grunt_decor_junction, uniq_robin
D:4:      layout_basic, grunt_temple_overflow_open, serial_shops, shop

Skill      XL: |  1  2  3  4  5 |
---------------+----------------+-----
Dodging        | 1 |  1.4
Armour         | 2 |  2.3
Stealth        | 2 |  2.6
Earth Magic    | 1 |  1.1
Fighting       | 2 |  2.1
Axes           | 1 |  1.0
Short Blades   | |  0.8
Spellcasting   | |  0.3
Evocations     | |  3.7

Action                   |  1- 3 |  4- 6 || total
-------------------------+-------+-------++-------
Melee: Club              |    24 |       ||    24
       Dagger            |    94 |    38 ||   132
       War axe           |       |   110 ||   110
 Cast: Sandblast         |       |    18 ||    18
 Abil: Spit Poison       |    15 |     4 ||    19
Evoke: Wand              |    14 |     3 ||    17
  Use: Scroll            |     4 |     1 ||     5
       Potion            |       |     1 ||     1
 Stab: Sleeping          |     3 |     2 ||     5
Armor: Leather armour    |    34 |    75 ||   109
Dodge: Dodged            |    57 |   105 ||   162

Table legend: (Time is in decaauts)
 A = Elapsed time spent in this place.
 B = Non-inter-level travel time spent in this place.
 C = Inter-level travel time spent in this place.
 D = Time resting spent in this place.
 E = Time spent auto-exploring this place.
 F = Levels seen in this place.
 G = Mean time per level.
                   A        B        C        D        E       F      G
               +--------+--------+--------+--------+--------+-----+--------+
         Total |   6056 |   5889 |    167 |   1964 |   2929 |   4 | 1514.0 |
       Dungeon |   6056 |   5889 |    167 |   1964 |   2929 |   4 | 1514.0 |
               +--------+--------+--------+--------+--------+-----+--------+

Top non-repeatable levels by time:
     D:1: 2225 daAuts
     D:2: 1849 daAuts
     D:3: 1697 daAuts
     D:4: 284 daAuts
